 Dungeon Crawl Stone Soup version 0.19.5 (webtiles) character file.

58 miragecloak the Poker (level 4, -1/35 HPs)
             Began as a Merfolk Abyssal Knight on May 11, 2017.
             Was a Follower of Lugonu.
             Slain by a gnoll
             ... wielding a +0 whip
              (2 damage)
             ... on level 2 of the Dungeon.
             The game lasted 00:01:11 (1614 turns).

miragecloak the Poker (Merfolk Abyssal Knight)      Turns: 1614, Time: 00:01:12

Health: -1/35      AC:  6    Str: 12    XL:     4   Next: 1%
Magic:  5/5        EV: 12    Int: 11    God:    Lugonu [*.....]
Gold:   73         SH:  0    Dex: 14    Spells: 0 memorised, 3 levels left

rFire  . . .     SeeInvis .     a - +1 spear
rCold  . . .     Gourm    .     b - +0 leather armour
rNeg   . . .     Faith    .     (no shield)
rPois  .         Spirit   .     k - +0 helmet
rElec  .         Reflect  .     (no cloak)
rCorr  .         Harm     .     (no gloves)
MR     .....                    n - +1 pair of boots
Stlth  +.........               (no amulet)
                                (no ring)
                                (no ring)

@: no status effects
A: change form in water, swift swim, stealthy swim
a: Depart the Abyss, Renounce Religion


You were on level 2 of the Dungeon.
You worshipped Lugonu.
Lugonu was aware of your devotion.
You were not hungry.

You visited 1 branch of the dungeon, and saw 2 of its levels.
You visited the Abyss 1 time.

You collected 73 gold pieces.

Inventory:

Hand Weapons
 a - a +1 spear (weapon)
Armour
 b - a +0 leather armour (worn)
 k - a +0 helmet (worn)
 n - a +1 pair of boots (worn)
Scrolls
 e - 6 scrolls of identify {unknown}
 g - a scroll of immolation {unknown}
 h - 2 scrolls of remove curse {unknown}
 i - a scroll of fog {unknown}
 o - a scroll of recharging {unknown}
Potions
 d - a potion of heal wounds {unknown}
 l - a potion of might {unknown}
Comestibles
 c - 2 bread rations
 f - a beef jerky
 j - 2 slices of pizza
 m - 2 chunks of flesh


   Skills:
 - Level 3.2 Fighting
 + Level 6.0 Polearms
 - Level 0.6 Armour
 - Level 2.6 Dodging
 - Level 2.0 Invocations


You had 3 spell levels left.
You didn't know any spells.

Dungeon Overview and Level Annotations

Branches:
Dungeon (2/15)

Altars:


Message History

The gnoll hits you with a whip.
* * * LOW HITPOINT WARNING * * *
Things that are here:
a whip; a scroll labeled MIONASAYHI; a gnoll corpse You are too injured to fight recklessly!
You are too injured to fight recklessly!
You are too injured to fight recklessly!
You are too injured to fight recklessly!
You barely miss the gnoll. The gnoll hits you but does no damage.
You hit the gnoll.
The gnoll is moderately wounded.
The gnoll hits you with a whip.
* * * LOW HITPOINT WARNING * * *
You completely miss the gnoll.
The gnoll is moderately wounded.
The gnoll misses you.
You hit the gnoll.
The gnoll is moderately wounded.
The gnoll hits you with a whip.
You die...

....(.# #.# #........# #.##
......# #.# #........# #.#
.≈≈...≈ #.####..####### #(#
≈..≈..≈ #...#...# #.# ≈..≈..≈
#.#.#.# #.# ⌠.≈...≈
#.#.#.##############.# ..≈..≈≈
.#.#.#.#..............# .≈..≈≈≈
#.#.#.#.#.############### .≈..≈.
..#.#.#.@................
..≈≈..##.##.#.###g###############
......#..#....# #.#
..g.....##....# #.#
........##.g..###.#
.#####).....#<..#.#
........#########)#
.#####........)...#
#####.###########


You could see a gnoll.

Vanquished Creatures
  3 gnolls (D:2)
  An adder (D:1)
  A dart slug (D:1)
  2 bats (D:2)
  A giant cockroach (D:2)
  2 goblins (D:2)
  4 hobgoblins
  A frilled lizard (D:1)
  2 kobolds
  3 rats (D:1)
20 creatures vanquished.

Notes
Turn   | Place    | Note
-------+----------+-------------------------------------------
     0 | Abyss:1  | miragecloak the Merfolk Abyssal Knight began the quest for the Orb.
     0 | Abyss:1  | Reached XP level 1. HP: 18/18 MP: 2/2
     4 | Abyss:1  | Found a basalt altar of Yredelemnul.
    83 | Abyss:1  | Noticed a small abomination
    84 | D:1      | Escaped the Abyss
   709 | D:1      | Reached skill level 4 in Polearms
   709 | D:1      | Reached XP level 2. HP: 17/24 MP: 3/3
   946 | D:1      | Reached skill level 5 in Polearms
   946 | D:1      | Reached XP level 3. HP: 12/29 MP: 4/4
  1603 | D:2      | Reached * piety under Lugonu
  1603 | D:2      | Reached skill level 6 in Polearms
  1603 | D:2      | Reached XP level 4. HP: 12/35 MP: 5/5
  1612 | D:2      | HP: 1/35 [gnoll/whip (5)]
  1614 | D:2      | Slain by a gnoll

Skill      XL: |  1  2  3 |
---------------+----------+-----
Polearms       | 4 5 6 |  6.0
Fighting       | |  3.2
Armour         | |  0.6
Dodging        | |  2.6
Invocations    | |  2.0

Action                   |  1- 3 |  4- 6 || total
-------------------------+-------+-------++-------
Melee: Spear             |   101 |     4 ||   105
Invok: Depart the Abyss  |     1 |       ||     1
 Stab: Sleeping          |     2 |       ||     2
  Eat: Chunk             |     2 |       ||     2
Armor: Leather armour    |    16 |     1 ||    17
Dodge: Dodged            |    52 |     1 ||    53
